 Dungeon Crawl Stone Soup version 0.30-a0-451-ge042605de7 (webtiles) character file.

Game seed: 17034897536465483493

9304 NinjaNoafa the Nimble (level 11, -12/83 (90) HPs)
             Began as a Merfolk Gladiator on Dec 11, 2022.
             Was a Believer of Uskayaw.
             Mangled by a torpor snail (17 damage)
             ... on level 1 of the Lair of Beasts.
             The game lasted 00:27:20 (11217 turns).

NinjaNoafa the Nimble (Merfolk Gladiator)          Turns: 11217, Time: 00:27:21

HP:   -12/83 (90)   AC:  7    Str: 14    XL:     11   Next: 44%
MP:   15/15         EV: 16    Int: 15    God:    Uskayaw [**....]
Gold: 377           SH:  0    Dex: 19    Spells: 10/10 levels left

rFire   + . .      SeeInvis +    w - +4 short sword (elec)
rCold   + . .      Faith    .    I - +0 kite shield
rNeg    . . .      Spirit   .    N - +0 troll leather armour
rPois   .          Reflect  .    c - +0 helmet
rElec   .          Harm     .    z - scarf {rC+ rF+}
rCorr   .          Rampage  .    y - +0 pair of gloves
Will    .....                    M - +0 pair of boots
Stlth   +.........               Q - amulet of the acrobat
HPRegen 1.13/turn                j - +6 ring of intelligence
MPRegen 0.14/turn                o - ring of see invisible

@: confused, mighty, ambrosia-drunk, slowed, drained, very slow
A: (nimble swimmer 2), mertail
a: Renounce Religion, Stomp, Line Pass


You were on level 1 of the Lair of Beasts.
You worshipped Uskayaw.
Uskayaw was noncommittal.
You visited 3 branches of the dungeon, and saw 12 of its levels.

You collected 707 gold pieces.
You spent 330 gold pieces at shops.

Inventory:

Hand Weapons
 w - a +4 short sword of electrocution (weapon)
Missiles
 h - 62 stones
 q - 42 poisoned darts (quivered)
 u - a javelin
 E - 5 boomerangs of dispersal
Armour
 c - a +0 helmet (worn)
 y - a +0 pair of gloves (worn)
 z - a scarf of resistance (worn)
 I - a +0 kite shield (worn)
 M - a +0 pair of boots (worn)
 N - a +0 troll leather armour (worn)
Jewellery
 j - a +6 ring of intelligence (left hand)
 k - a ring of ice
 o - a ring of see invisible (right hand)
 D - a ring of ice
 Q - an amulet of the acrobat (around neck)
Wands
 C - a wand of mindburst (11)
 K - a wand of acid (15)
 O - a wand of iceblast (6)
Scrolls
 a - a scroll of silence {unknown}
 e - a scroll of immolation {unknown}
 i - 2 scrolls of poison
 m - 2 scrolls of fog
 n - 2 scrolls of magic mapping
 t - 3 scrolls of vulnerability
 F - 2 scrolls of enchant armour {unknown}
 H - a scroll of torment {unknown}
Potions
 b - 2 potions of haste
 d - a potion of flight {unknown}
 l - a potion of curing {unknown}
 p - 2 potions of degeneration
 r - a potion of magic {unknown}
 s - a potion of heal wounds
 x - a potion of attraction
 A - a potion of might
 B - 2 potions of cancellation
 J - a potion of resistance {unknown}
 L - a potion of lignification {unknown}
 P - a potion of brilliance
 R - a potion of berserk rage {unknown}


   Skills:
 - Level 10.0 Fighting
 - Level 10.0 Short Blades
 - Level 4.0 Throwing
 - Level 10.0 Dodging
 + Level 6.0 Shields
 + Level 6.5 Invocations
 + Level 5.9 Evocations


You had 10 spell levels left.
You didn't know any spells.
Your spell library contained the following spells:

 Spells                   Type           Power      Damage    Failure   Level
 Slow                     Hex            0%         N/A       67%         1
 Summon Small Mammal      Summ           0%         N/A       67%         1
 Scorch                   Fire           0%         2d5       80%         2
 Call Canine Familiar     Summ           0%         N/A       95%         3
 Confusing Touch          Hex            0%         N/A       95%         3
 Gell's Gravitas          Tloc           0%         N/A       95%         3
 Lesser Beckoning         Tloc           0%         N/A       95%         3
 Summon Guardian Golem    Hex/Summ       0%         N/A       95%         3
 Teleport Other           Tloc           0%         N/A       95%         3
 Vampiric Draining        Necr           0%         2d6       95%         3
 Flame Wave               Conj/Fire      0%         2d4       100%        4
 Summon Ice Beast         Ice/Summ       0%         N/A       100%        4
 Summon Mana Viper        Hex/Summ       0%         N/A       100%        5
 Summon Cactus Giant      Summ           0%         N/A       100%        6
 Monstrous Menagerie      Summ           0%         N/A       100%        7


Dungeon Overview and Level Annotations

Branches:
Dungeon (10/15)            Temple (1/1) D:4            Lair (1/5) D:9
    Orc: D:9-12

Altars:
Ashenzari
Cheibriados
Dithmenos
Elyvilon
Fedhas
Gozag
Hepliaklqana
Kikubaaqudgha
Makhleb
Nemelex Xobeh
Okawaru
Qazlal
Ru
Sif Muna
Trog
Uskayaw
Vehumet
Wu Jian
Xom
Yredelemnul
Zin
The Shining One

Shops:
D:6 =

Annotations:
Lair:1 Nergalle


Innate Abilities, Weirdness & Mutations

((You are very nimble when in or above water. (Stealth+, EV+, Speed+++)))
Your lower body shifts to a powerful aquatic tail in water.


Message History

The yak is moderately wounded.
You block the yak's attack.
The bullfrog croaks.
You hit the yak.
The yak is heavily wounded.
You hear a bellow!
The spectral orc warrior misses you. The torpor snail completely misses you.
You block the yak's attack.
You feel much better.
The spectral orc warrior closely misses you.
The yak misses you. The torpor snail bites you!
The spectral orc warrior hits you with a +0 short sword.
You feel drained. You block the yak's attack.
You are confused.
You feel invigorated.
The spectral orc warrior hits you with a +0 short sword.
The torpor snail misses you. The yak gores you but does no damage.
You hit the torpor snail.
Lightning courses through the torpor snail!
The torpor snail is moderately wounded.
The spectral orc warrior hits you with a +0 short sword.
The yak gores you! The torpor snail bites you!
* * * LOW HITPOINT WARNING * * *
You can now pass through a line of other dancers.
You puncture the spectral orc warrior!
The spectral orc warrior is moderately damaged.
The spectral orc warrior hits you with a +0 short sword!
* * * LOW HITPOINT WARNING * * *
You feel drained.
* * * LOW HITPOINT WARNING * * *
The yak gores you!
* * * LOW HITPOINT WARNING * * *
You hit the spectral orc warrior.
The spectral orc warrior is heavily damaged.
The spectral orc warrior hits you with a +0 short sword.
* * * LOW HITPOINT WARNING * * *
You feel drained.
* * * LOW HITPOINT WARNING * * *
The torpor snail bites you!
You die...

## ##.## ## ### ###...=##
.######.#####.###.........
...........................
#..........Z................
##.........FwZYZ..............
##.......###.#@#####...........
###........# ### #........[..
S..........# #.#..........
#S.w.......# ###.Y........
#..S.......## ### ###.........
...FYY......# ##.###...........
#..S.....## #...Y...#........
#....Y..## ##.....###........
######...#######.....##
##.......


You could see a torpor snail, 2 spectral orc warriors, a spectral orc warlord
(summoned), a yak and a bullfrog.

Vanquished Creatures
  A two-headed ogre (D:9)
  Amaemon (D:9)
  An orange demon (Lair:1)
  A komodo dragon (D:8)
  Prince Ribbit (D:7)
  A troll (D:9)
  16 yaks
  5 steam dragons
  An acid dragon (D:10)
  6 water moccasins
  2 black bears
  An ice beast (D:7)
  2 sky beasts (D:6)
  3 orc warriors
  5 ogres
  3 centaurs
  2 phantoms
  5 bullfrogs
  3 kobold brigands
  A necrophage (D:3)
  3 scorpions
  4 wights (D:7)
  10 killer bees
  2 howler monkeys (D:10)
  2 orc priests
  2 hounds
  2 jellies
  4 orc wizards
  Robin (D:2)
  A gnoll (D:1)
  12 adders
  A white imp (D:8)
  2 ufetubi (D:6)
  3 worms
  3 dart slugs
  16 orcs
  8 endoplasms
  7 giant cockroaches
  13 hobgoblins
  7 jackals
  19 kobolds
  2 quokkas
  11 ball pythons
  5 bats
  4 frilled lizards
  17 goblins
  4 rats
226 creatures vanquished.

Vanquished Creatures (collateral kills)
  An orc (D:6)
  A jackal (D:5)
  2 kobolds (D:6)
4 creatures vanquished.

Vanquished Creatures (others)
  37 fungi
  39 plants (D:9)
76 creatures vanquished.

Grand Total: 306 creatures vanquished

Notes
Turn   | Place    | Note
-------+----------+-------------------------------------------
     0 | D:1      | NinjaNoafa the Merfolk Gladiator began the quest for the
                  | Orb.
     0 | D:1      | Reached XP level 1. HP: 16/16 MP: 1/1
   112 | D:1      | Reached XP level 2. HP: 18/23 MP: 2/2
   189 | D:1      | Upgraded the game from 0.30-a0-439-g9e77e4d916 to
                  | 0.30-a0-451-ge042605de7
   381 | D:1      | Reached XP level 3. HP: 28/28 MP: 3/3
   905 | D:2      | Found a faded altar of an unknown god.
  1119 | D:2      | Reached XP level 4. HP: 33/35 MP: 4/4
  1132 | D:2      | Noticed Robin
  1304 | D:1      | Reached skill level 5 in Dodging
  1545 | D:2      | Killed Robin
  1749 | D:2      | Identified the +1 mace of Tazud {antimagic, rF+ rC+ Str-3
                  | Dex+10}
  1754 | D:2      | Reached XP level 5. HP: 34/42 MP: 5/5
  2114 | D:3      | Found an ornate altar of the Wu Jian Council.
  2383 | D:3      | Noticed a phantom
  2398 | D:3      | Killed a phantom
  2399 | D:3      | Reached skill level 5 in Short Blades
  2628 | D:3      | Reached XP level 6. HP: 41/49 MP: 6/6
  3533 | D:4      | Found a staircase to the Ecumenical Temple.
  3549 | Temple   | Entered the Ecumenical Temple
  3651 | Temple   | Became a worshipper of Uskayaw the Reveller
  3759 | D:4      | Reached * piety under Uskayaw
  3763 | D:4      | Reached skill level 5 in Fighting
  3763 | D:4      | Reached XP level 7. HP: 41/56 MP: 7/7
  3881 | D:4      | Reached ** piety under Uskayaw
  4004 | D:4      | Found a shadowy altar of Dithmenos.
  4039 | D:4      | Found a snail-covered altar of Cheibriados.
  4062 | D:4      | Found a radiant altar of Vehumet.
  4071 | D:4      | Found an ancient bone altar of Kikubaaqudgha.
  4082 | D:5      | Entered Level 5 of the Dungeon
  4345 | D:5      | Reached *** piety under Uskayaw
  4347 | D:5      | Reached **** piety under Uskayaw
  4477 | D:5      | Noticed a steam dragon
  4491 | D:5      | Killed a steam dragon
  4492 | D:5      | Reached XP level 8. HP: 33/65 MP: 8/8
  5288 | D:6      | Reached skill level 10 in Dodging
  5581 | D:6      | Found a burning altar of Makhleb.
  5581 | D:6      | Noticed a cacodemon
  5620 | D:6      | Noticed a smoke demon
  6096 | D:6      | Found Faaros's Jewellery Emporium.
  6155 | D:7      | Reached XP level 9. HP: 75/75 MP: 9/9
  6455 | D:7      | Found a sacrificial altar of Ru.
  6558 | D:7      | Noticed Prince Ribbit
  6580 | D:7      | Killed Prince Ribbit
  6581 | D:7      | Reached skill level 10 in Fighting
  7670 | D:8      | Reached skill level 10 in Short Blades
  7818 | D:8      | Reached XP level 10. HP: 74/85 MP: 10/10
  7836 | D:7      | Reached skill level 1 in Invocations
  7900 | D:8      | Reached skill level 1 in Shields
  8063 | D:8      | Reached skill level 1 in Evocations
  8497 | D:9      | Noticed a two-headed ogre
  8530 | D:9      | Killed a two-headed ogre
  9579 | D:9      | Reached skill level 5 in Invocations
  9615 | D:9      | Reached XP level 11. HP: 90/90 MP: 14/14
  9658 | D:9      | Found a staircase to the Lair.
  9719 | D:9      | Reached skill level 5 in Shields
  9988 | D:9      | Reached skill level 5 in Evocations
 10052 | D:10     | Entered Level 10 of the Dungeon
 10239 | D:10     | Found a broken altar of Ashenzari.
 10256 | D:10     | Identified the +10 plate armour of the Pleiades {Stlth+}
 10472 | D:10     | Reached ***** piety under Uskayaw
 10736 | D:6      | Bought an amulet of the acrobat for 330 gold pieces
 10798 | Lair:1   | Entered Level 1 of the Lair of Beasts
 10835 | Lair:1   | Noticed Amaemon
 10893 | D:9      | Killed Amaemon
 11194 | Lair:1   | Noticed Nergalle
 11198 | Lair:1   | Noticed a spectral orc warlord
 11216 | Lair:1   | HP: 3/84 [yak (10)]
 11217 | Lair:1   | Mangled by a torpor snail

Illustrated notes

Levels and vault maps discovered:
D:1:      dpeg_arrival_tiny_a, layout_loops_ring, chequers_serial_rivers_small_3
D:2:      layout_loops_cross, dreamdust_ecumenical_altar_grove,
          chequers_serial_rivers_micro_d, uniq_robin
D:3:      layout_basic, mainiacjoe_overflow_paths
D:4:      layout_rooms, nicolae_overflow_quartered_altars,
          minmay_temple_entry_gardened_gates, eino_tiny_chamber
D:5:      layout_cave_pools, kennysheep_generic_room_10
D:6:      layout_loops_ring, makhleb_altar_promises_db, serial_shops,
          kennysheep_mini, corexii_hall_statues_u
D:7:      layout_cave_pools, hangedman_ru_absence, uniq_prince_ribbit1
D:8:      layout_rooms, hangedman_abyss_or_decor_clamps
D:9:      layout_stronghold, due_lair_maze_entry_diamond, minmay_misc_feat_iff
D:10:     layout_long_grid, mainiacjoe_overflow_alcove_2,
          hangedman_abyss_or_decor_passed, st_stairs_5, uniq_maggie
Temple:   nicolae_temple_two_arcs
Lair:1:   layout_cave_pods, beast_lair_carwin_2, uniq_nergalle, uniq_amaemon,
          uniq_gastronok

Skill      XL: |  1  2  3  4  5  6  7  8  9 10 11 |
---------------+----------------------------------+-----
Short Blades   | 4 5 6 10 | 10.0
Fighting       | 3 4 5 6 8 10 | 10.0
Dodging        | 5 6 8 10 | 10.0
Invocations    | 5 6 |  6.5
Shields        | 4 6 |  6.0
Evocations     | 4 5 |  5.9
Throwing       | 4 |  4.0

Action                   |  1- 3 |  4- 6 |  7- 9 | 10-12 || total
-------------------------+-------+-------+-------+-------++-------
Melee: Rapier            |   107 |   150 |       |       ||   257
       Punch             |     1 |     2 |     2 |       ||     5
       Short sword       |       |    37 |   262 |   353 ||   652
       Great sword       |       |       |     9 |       ||     9
Throw: Javelin           |     2 |    16 |     1 |     2 ||    21
       Throwing net      |     1 |     1 |     2 |     1 ||     5
       Dart              |       |       |    32 |     1 ||    33
       Boomerang         |       |       |       |     1 ||     1
Invok: Stomp             |       |       |     1 |     4 ||     5
       Line Pass         |       |       |       |     1 ||     1
Evoke: Wand              |       |       |     3 |     3 ||     6
  Use: Scroll            |       |    10 |     6 |     6 ||    22
       Potion            |       |       |     1 |     6 ||     7
 Stab: Sleeping          |     1 |     3 |     1 |     1 ||     6
       Held in net/web   |     1 |       |       |       ||     1
       Paralysed         |       |       |     6 |    12 ||    18
       Confused          |       |       |       |     2 ||     2
Armor: Leather armour    |    40 |    43 |    38 |       ||   121
       Steam dragon scal |       |       |    11 |    33 ||    44
       Troll leather arm |       |       |       |    38 ||    38
Dodge: Dodged            |   107 |   180 |   238 |   286 ||   811
Block: Kite shield       |       |       |    37 |   238 ||   275

Table legend: (Time is in decaauts)
 A = Elapsed time spent in this place.
 B = Non-inter-level travel time spent in this place.
 C = Inter-level travel time spent in this place.
 D = Time resting spent in this place.
 E = Time spent auto-exploring this place.
 F = Levels seen in this place.
 G = Mean time per level.
                   A        B        C        D        E       F      G
               +--------+--------+--------+--------+--------+-----+--------+
         Total |  10993 |  10196 |    797 |    300 |   7581 |  12 |  916.1 |
       Dungeon |  10638 |   9872 |    766 |    300 |   7423 |  10 | 1063.8 |
        Temple |    123 |     95 |     28 |      0 |     87 |   1 |  123.0 |
          Lair |    231 |    229 |      2 |      0 |     70 |   1 |  231.0 |
               +--------+--------+--------+--------+--------+-----+--------+

Top non-repeatable levels by time:
     D:8: 1589 daAuts
     D:9: 1566 daAuts
     D:1: 1238 daAuts
     D:3: 1200 daAuts
     D:6: 1105 daAuts
     D:7: 994 daAuts
     D:4: 902 daAuts
     D:2: 781 daAuts
     D:5: 722 daAuts
    D:10: 537 daAuts
  Lair:1: 231 daAuts
  Temple: 123 daAuts
